AoeStats
← rtbold

MegaRandom

510465987Analyzed
2v2 RM · 2d ago on Oct 1, 2026· 59m 43s· 4 players
Game mode
Random Map
Map size
Medium (4 player)
Population
200
Speed
Normal
Resources
Standard
Victory
Conquest
Starting age
Dark Age
Ending age
Imperial Age
RankedLock teamsTeams togetherTeam positionsShared explorationLock speedFull tech treeHidden civsTurbo modeCheats
Victory
Defeat
🇺🇸 Georgians · United States
1216
+15
🇺🇸 Japanese · United States
1167
+17
🇨🇱 Portuguese · Chile
1217
-17
1167
-15
rtbold
11:26 Feudal Age
15:56 Castle Age
15:30 Loom
17:04 Double-Bit Axe
20:22 Fletching
23:01 Redemption
24:46 Town Watch
26:23 Sanctity
26:46 Wheelbarrow
27:50 Fervor
28:14 Ballistics
30:11 Guard Tower
30:40 Yasama
32:22 Hand Cart
38:48 Imperial Age
41:12 Kataparuto
41:21 Block Printing
43:20 Keep
43:56 Treadmill Crane
44:32 Bodkin Arrow
45:06 Parthian Tactics
46:55 Thumb Ring
46:51 Man-at-Arms
47:34 Scale Mail Armor
49:44 Bracer
49:56 Arrowslits
50:36 Padded Archer Armor
53:16 Conscription
54:46 Leather Archer Armor
56:36 Heavy Cavalry Archer
58:26 Chemistry
59:43 Ring Archer Armor
demoror
5:55 Loom
11:41 Feudal Age
15:54 Castle Age
14:29 Horse Collar
15:32 Double-Bit Axe
23:27 Scale Barding Armor
24:43 Chain Barding Armor
26:05 Husbandry
26:40 Heavy Plow
26:51 Bow Saw
30:22 Forging
33:41 Wheelbarrow
32:51 Town Watch
33:43 Iron Casting
36:01 Imperial Age
33:53 Fletching
35:16 Bloodlines
35:16 Svan Towers
35:08 Guard Tower
36:43 Cavalier
38:08 Keep
39:14 Ballistics
40:28 Bodkin Arrow
41:25 Plate Barding Armor
43:32 Bracer
46:09 Blast Furnace
48:58 Hand Cart
52:37 Capped Ram
53:54 Siege Ram
59:43 Chemistry
58:30 Arrowslits
59:57 Masonry
سلام عليكم Salam Alaiku
12:57 Loom
14:43 Feudal Age
20:42 Castle Age
18:44 Scale Mail Armor
19:02 Double-Bit Axe
18:59 Horse Collar
20:40 Forging
20:49 Pikeman
22:16 Fletching
25:34 Arson
25:50 Squires
27:01 Padded Archer Armor
29:21 Chain Mail Armor
29:25 Thumb Ring
30:54 Atonement
37:58 Wheelbarrow
38:50 Bodkin Arrow
39:36 Gambesons
42:26 Gold Mining
42:27 Stone Mining
47:41 Imperial Age
46:34 Bow Saw
46:31 Heavy Plow
47:37 Iron Casting
46:59 Bodkin Arrow
47:20 Leather Archer Armor
48:51 Conscription
49:06 Plate Mail Armor
50:43 Crop Rotation
51:26 Two-Man Saw
50:43 Halberdier
52:55 Ring Archer Armor
52:41 Capped Ram
53:38 Elite Skirmisher
56:25 Hand Cart
pialo
11:04 Feudal Age
11:09 Loom
15:39 Castle Age
17:03 Horse Collar
17:09 Double-Bit Axe
19:01 Wheelbarrow
23:41 Town Watch
24:09 Bow Saw
25:20 Hand Cart
25:09 Heavy Plow
25:52 Bloodlines
25:46 Husbandry
25:53 Scale Barding Armor
25:58 Forging
28:57 Chain Barding Armor
29:12 Iron Casting
28:17 Light Cavalry
32:07 Gold Mining
32:07 Stone Mining
37:50 Imperial Age
37:17 Iron Casting
36:33 Fletching
36:43 Padded Archer Armor
37:40 Pikeman
38:06 Gambesons
38:06 Arson
38:17 Bodkin Arrow
38:24 Scale Mail Armor
38:28 Cavalier
39:45 Plate Barding Armor
40:11 Blast Furnace
40:39 Conscription
40:39 Chain Mail Armor
39:46 Halberdier
45:00 Capped Ram
47:38 Plate Mail Armor
54:25 Chemistry
Connection lost

Rejoining the realm…

Still unreachable

The connection could not be restored.

Session expired

The server has moved on; the page needs a fresh start.